 Dungeon Sprint DCSS version 0.23.0 (webtiles) character file.

Game seed: 8978875897888013357

226483 xeno23 the Axe Maniac (level 17, -3/183 (191) HPs)
             Began as a Minotaur Berserker on Feb 18, 2019.
             Was a High Priest of Trog.
             Succumbed to Gloorx Vloq's dark miasma
             ... in the Dungeon (Sprint IX: "|||||||||||||||||||||||||||||").
             The game lasted 00:53:06 (7839 turns).

xeno23 the Axe Maniac (Minotaur Berserker)          Turns: 7839, Time: 00:53:07

HP:   -3/183 (191)  AC: 33    Str: 33    XL:     17   Next: 22%
MP:   28/28         EV: 29    Int:  4    God:    Trog [*****.]
Gold: 1744          SH:  0    Dex: 22    Spells: 16/16 levels left

rFire    . . .     SeeInvis +   x - +10 battleaxe of Arbitration {vamp, rC+ SInv}
rCold    + . .     Gourm    .   (shield currently unavailable)
rNeg     . . .     Faith    .   Y - +3 plate armour {rPois}
rPois    +         Spirit   .   F - +0 hat {MR+}
rElec    .         Reflect  .   K - +1 cloak
rCorr    .         Harm     .   Z - +1 pair of gloves
MR       ++++.     NoTele   +   X - +0 pair of boots {Stlth+}
Stlth    ..........             (no amulet)
HPRegen  1.00/turn              U - +6 ring of strength
MPRegen  0.21/turn              S - +6 ring of dexterity

@: lethally poisoned (-3 -> -38), berserk cooldown, recuperating, badly
diseased, slowed, very slow
A: retaliatory headbutt, hooves 1, horns 2, thin skeletal structure 1, agile 1,
blurry vision 1
}: 4/17 runes: decaying, serpentine, barnacled, gossamer
a: Berserk, Trog's Hand, Brothers in Arms, Renounce Religion


You were in the Dungeon.
You worshipped Trog.
Trog was extremely pleased with you.
You were very hungry.

You visited 1 branch You collected 1934 gold pieces.
You spent 190 gold pieces at shops.

Inventory:

Hand Weapons
 c - the +8 quarterstaff "Zigel" {antimagic, rPois rC+ Str+4, unknown}
   (Trog gifted it to you in the Dungeon)

   It reduces the magical energy of the wielder, and disrupts the spells and
   magical abilities of those hit.
   Natural abilities and divine invocations are not affected.
   It affects your strength (+4).
   It protects you from cold.
   It protects you from poison.
 x - the +10 battleaxe of Arbitration (weapon) {vamp, rC+ SInv}
   (Trog gifted it to you in the Dungeon)

   It inflicts no extra harm, but heals its wielder when it wounds a living foe.
   It protects you from cold.
   It lets you see invisible.
 z - a +4 antimagic battleaxe
 N - a +5 antimagic executioner's axe
 O - a +4 antimagic executioner's axe
 P - the +3 battleaxe "Fukhlu Azorgh" {chop, +Blink +Fly rPois Str-5}
   (Trog gifted it to you in the Dungeon)

   It inflicts extra damage upon your enemies.
   It affects your strength (-5).
   It protects you from poison.
   It lets you fly.
   It lets you blink.
 Q - a +4 executioner's axe of draining
 W - the +0 executioner's axe of the Original Sin {flame, Str+7 SInv}
   (You found it in the Dungeon)

   It has been specially enchanted to burn those struck by it, causing extra
   injury to most foes and up to half again as much damage against particularly
   susceptible opponents.
   Big, fiery blades are also staple armaments of hydra-hunters.
   It affects your strength (+7).
   It lets you see invisible.
Missiles
 u - 17 steel javelins
 C - 2 throwing nets
 D - 14 javelins of penetration (quivered)
 M - 21 poisoned javelins
Armour
 q - +0 gold dragon scales
 w - +0 storm dragon scales
 F - a +0 hat of magic resistance (worn)
 J - +1 fire dragon scales
 K - a +1 cloak (worn)
 X - a +0 pair of boots of stealth (worn)
 Y - a +3 plate armour of poison resistance (worn)
 Z - a +1 pair of gloves (worn)
Jewellery
 s - an uncursed ring of stealth {unknown}
 E - an uncursed ring of poison resistance
 G - an uncursed ring of protection from cold
 H - an uncursed ring of fire
 I - an uncursed ring of protection from magic
 R - a +2 ring of slaying
 S - a +6 ring of dexterity (right hand)
 T - the ring of Geydigog {rF+ SInv, unknown}
   (You found it in the Dungeon)

   [ring of see invisible]

   It protects you from fire.
   It lets you see invisible.
 U - a +6 ring of strength (left hand)
Wands
 m - a wand of iceblast (10)
Scrolls
 i - 3 scrolls of blinking
 j - 4 scrolls of identify
 l - 4 scrolls of remove curse
 p - 3 scrolls of fog
 r - a scroll of magic mapping {unknown}
 t - 2 scrolls of fear
 y - 4 scrolls of enchant weapon
 L - 4 scrolls of enchant armour
Potions
 a - a potion of resistance
 b - 3 potions of brilliance
 d - 5 potions of curing
 e - 12 potions of heal wounds
 g - 5 potions of magic
 h - 5 potions of berserk rage
 k - a potion of invisibility
 n - a potion of might
 o - 2 potions of agility
 A - a potion of flight
 B - a potion of ambrosia {unknown}
Comestibles
 v - 4 rations


   Skills:
 O Level 27 Fighting
 O Level 27 Axes
 + Level 20.8 Throwing
 + Level 25.4 Armour
 + Level 23.8 Dodging
 + Level 17.0 Evocations


You had 16 spell levels left.
You didn't know any spells.
Your spell library was empty.

Dungeon Overview and Level Annotations

Branches:
Dungeon (1/1)

Altars:
Cheibriados
Dithmenos
Elyvilon
Fedhas
Gozag
Hepliaklqana
Kikubaaqudgha
Makhleb
Nemelex Xobeh
Okawaru
Qazlal
Ru
Sif Muna
Trog
Uskayaw
Vehumet
Wu Jian
Xom
Yredelemnul
Zin
The Shining One
Beogh
Jiyva
Lugonu

Shops:
D *=:[


Innate Abilities, Weirdness & Mutations

You reflexively headbutt those who attack you in melee.
You have a pair of horns on your head.
You have large cloven feet.
You have a somewhat thin skeletal structure. (Dex +2, Stealth)
You are agile. (Dex +2)
Scrolls take you a little longer to read.


Message History

You are exhausted.
You feel as though you will be slow longer.
* * * LOW HITPOINT WARNING * * *
You feel very sick.
Your ogre dies!
Your ogre's corpse disappears in a puff of smoke!
You take 8 damage.
Throwing (i - inventory. (/) - cycle)
D - 14 javelins of penetration (quivered)
Press: ? - help, Shift-Dir - straight line, f - Gloorx Vloq
Aim: Gloorx Vloq (black smoke, almost dead)
Okay, then.
You cut Gloorx Vloq into ribbons!!!
You kill Gloorx Vloq!
Trog accepts your kill. Something appears at your feet!
Trog grants you ammunition!
The Executioner disappears in a puff of smoke! x2
Your Armour skill increases to level 25!
Your Evocations skill increases to level 17!
You die...

.........)...............).......
▓▓▓▓▓▓▓▓▓▓▓▓▓▓▓▓▓▓▓▓▓▓▓▓▓▓▓▓▓▓▓▓▓
))...[.[.[...[.................'.
▓▓▓▓▓▓▓▓▓▓▓▓▓▓▓▓▓▓▓▓▓▓▓▓▓▓▓▓▓▓▓▓▓
.................)...............
▓▓▓▓▓▓▓▓▓♣♣♣♣♣♣♣♣♣♣♣♣♣♣▓▓▓▓▓▓▓▓▓▓
))))....[')[...........).........
▓▓▓▓▓▓▓▓▓♣♣♣♣♣♣♣♣♣♣♣♣♣♣▓▓▓▓▓▓▓▓▓▓
..)).......§.§.§@.)..............
▓▓▓▓▓▓▓▓▓▓▓▓▓▓▓▓▓▓▓▓▓▓▓▓▓▓▓▓▓▓▓▓▓
...((d.((1'))*&d1).&.p.Md*..+
▓▓▓▓▓▓▓▓▓▓▓▓▓▓▓▓▓▓▓▓▓▓▓▓▓▓▓▓▓


There were no monsters in sight!

Vanquished Creatures
  Gloorx Vloq (D)
  Mara (D)
  An orb of fire (D)
  Boris (D)
  Xtahua (D)
  A golden dragon (D)
  A lich (D)
  Gastronok (D)
  Agnes (D)
  7 nagarajas (D)
  2 shadow dragons (D)
  Ilsuiw (D)
  3 frost giants (D)
  A fire giant (D)
  2 ghost moths (D)
  4 emperor scorpions (D)
  2 vault wardens (D)
  Louise (D)
  2 ironheart preservers (D)
  2 stone giants (D)
  2 entropy weavers (D)
  A purple draconian (D)
  Azrael (D)
  2 merfolk javelineers (D)
  An ettin (D)
  2 fire dragons (D)
  A crystal guardian (D)
  A yaktaur captain (D)
  25 vault guards (D)
  A rakshasa (D)
  3 great orbs of eyes (D)
  3 naga warriors (D)
  2 ice dragons (D)
  3 merfolk impalers (D)
  Harold (D)
  4 hydras (D)
  A centaur warrior (D)
  A shambling mangrove (D)
  A merfolk avatar (D)
  A spriggan air mage (D)
  An alligator (D)
  An anaconda (D)
  A death knight (D)
  5 ogre magi (D)
  A two-headed ogre (D)
  6 merfolk aquamancers (D)
  2 deep troll earth magi (D)
  6 orc high priests (D)
  A deep troll shaman (D)
  2 shock serpents (D)
  A deep elf knight (D)
  A sea snake (D)
  3 glowing orange brains (D)
  2 naga ritualists (D)
  A wizard (D)
  10 swamp dragons (D)
  A flayed ghost (D)
  An orb spider (D)
  5 wolf spiders (D)
  2 orc knights (D)
  A manticore (D)
  2 cyclopes (D)
  2 moths of wrath (D)
  An orc sorcerer (D)
  2 merfolk sirens (D)
  5 black mambas (D)
  2 vault sentinels (D)
  A guardian serpent (D)
  A spiny frog (D)
  2 naga magi (D)
  A kobold demonologist (D)
  A freezing wraith (D)
  A komodo dragon (D)
  2 yaktaurs (D)
  A rime drake (D)
  2 demonic crawlers (D)
  2 tengu conjurers (D)
  A tyrant leech (D)
  A merfolk (shapeshifter) (D)
  3 hornets (D)
  4 polar bears (D)
  A hippogriff (D)
  A wind drake (D)
  A snapping turtle (shapeshifter) (D)
  3 redbacks (D)
  A tarantella (D)
  A yak (D)
  4 fire elementals (D)
  An insubstantial wisp (D)
  A naga (D)
  A hell hound (D)
  A water moccasin (D)
  6 porcupines (D)
  An ice beast (D)
  12 orc warriors (D)
  2 swamp drakes (D)
  5 black bears (D)
  2 ogres (D)
  A centaur (D)
  3 crocodiles (D)
  A big kobold (D)
  A big kobold (shapeshifter) (D)
  A bullfrog (D)
  A killer bee (D)
  3 crimson imps (D)
  5 orc priests (D)
  A hound (D)
  4 orc wizards (D)
  A worker ant (D)
  3 adders (D)
  A shadow imp (D)
  7 orcs (D)
  A giant cockroach (D)
  2 hobgoblins (D)
  A jackal (D)
  A ball python skeleton (D)
  A giant cockroach zombie (D)
  A leopard gecko skeleton (D)
  A rat (D)
269 creatures vanquished.

Vanquished Creatures (collateral kills)
  A fire giant (D)
  2 stone giants (D)
  A vampire knight (D)
  A fire dragon (D)
  2 merfolk impalers (D)
  2 hydras (D)
  2 orc high priests (D)
  An orc knight (D)
  A vault sentinel (D)
  2 spiny frogs (D)
  A freezing wraith (D)
  A hornet (D)
  An orc priest (D)
18 creatures vanquished.

Vanquished Creatures (others)
  Frederick (D)
1 creature vanquished.

Grand Total: 288 creatures vanquished

Notes
Turn   | Place    | Note
-------+----------+-------------------------------------------
     0 | D        | xeno23 the Minotaur Berserker began the quest for the Orb.
     0 | D        | Reached XP level 1. HP: 19/19 MP: 0/0
    11 | D        | Reached ** piety under Trog
   101 | D        | Noticed a crimson imp
   101 | D        | Noticed an ogre
   105 | D        | Reached skill level 5 in Axes
   105 | D        | Reached XP level 2. HP: 28/28 MP: 1/1
   106 | D        | Killed a crimson imp
   106 | D        | Reached *** piety under Trog
   106 | D        | Reached skill level 5 in Fighting
   106 | D        | Reached XP level 3. HP: 36/36 MP: 2/2
   112 | D        | Killed an ogre
   112 | D        | Reached skill level 5 in Armour
   112 | D        | Reached skill level 5 in Dodging
   112 | D        | Reached XP level 4. HP: 45/45 MP: 3/3
   116 | D        | Reached **** piety under Trog
   116 | D        | Reached XP level 5. HP: 46/51 MP: 4/4
   239 | D        | Found a roughly hewn altar of Beogh.
   239 | D        | Found a snail-covered altar of Cheibriados.
   239 | D        | Found a shadowy altar of Dithmenos.
   239 | D        | Found a white marble altar of Elyvilon.
   239 | D        | Found a blossoming altar of Fedhas.
   239 | D        | Found an opulent altar of Gozag.
   240 | D        | Found a hazy altar of Hepliaklqana.
   241 | D        | Found a viscous altar of Jiyva.
   242 | D        | Found an ancient bone altar of Kikubaaqudgha.
   243 | D        | Found a corrupted altar of Lugonu.
   244 | D        | Found a burning altar of Makhleb.
   245 | D        | Found a sparkling altar of Nemelex Xobeh.
   246 | D        | Found an iron altar of Okawaru.
   247 | D        | Found a stormy altar of Qazlal.
   248 | D        | Found a sacrificial altar of Ru.
   249 | D        | Found a deep blue altar of Sif Muna.
   250 | D        | Found a bloodstained altar of Trog.
   251 | D        | Found a hide-covered altar of Uskayaw.
   252 | D        | Found a radiant altar of Vehumet.
   253 | D        | Found an ornate altar of the Wu Jian Council.
   254 | D        | Found a shimmering altar of Xom.
   255 | D        | Found a basalt altar of Yredelemnul.
   256 | D        | Found a glowing silver altar of Zin.
   257 | D        | Found a glowing golden altar of the Shining One.
   314 | D        | Noticed a black bear
   323 | D        | Reached skill level 10 in Axes
   325 | D        | Reached XP level 6. HP: 58/58 MP: 5/5
   328 | D        | Reached ***** piety under Trog
   377 | D        | Noticed a two-headed ogre
   377 | D        | Noticed an eight-headed hydra
   385 | D        | Killed a two-headed ogre
   385 | D        | Reached XP level 7. HP: 47/64 MP: 6/6
   385 | D        | Reached XP level 8. HP: 53/71 MP: 7/7
   387 | D        | Killed an eight-headed hydra
   661 | D        | Gained mutation: You have a somewhat thin skeletal
                  | structure. (Dex +2, Stealth) [potion of mutation]
   661 | D        | Gained mutation: You are agile. (Dex +2) [potion of
                  | mutation]
   661 | D        | Gained mutation: You have large cloven feet. [potion of
                  | mutation]
   685 | D        | Noticed a spiny frog
   685 | D        | Noticed a black mamba
   689 | D        | Killed a spiny frog
   692 | D        | Reached XP level 9. HP: 83/83 MP: 8/8
   693 | D        | Noticed a komodo dragon
   696 | D        | Killed a black mamba
   696 | D        | Reached skill level 10 in Fighting
   702 | D        | Received a gift from Trog
   702 | D        | Reached skill level 10 in Armour
   708 | D        | Reached ****** piety under Trog
   716 | D        | Killed a komodo dragon
   790 | D        | Noticed a black mamba
   790 | D        | Noticed a rime drake
   792 | D        | Reached skill level 10 in Dodging
   796 | D        | Killed a black mamba
   803 | D        | Received a gift from Trog
   810 | D        | Killed a rime drake
   812 | D        | Reached XP level 10. HP: 88/97 MP: 3/9
   863 | D        | Received a gift from Trog
   866 | D        | Got a warped battleaxe {god gift}
  1015 | D        | Identified the +10 battleaxe of Arbitration {vamp, rC+
                  | SInv} (Trog gifted it to you in the Dungeon)
  1043 | D        | Received a gift from Trog
  1232 | D        | Noticed an orc knight
  1241 | D        | Killed an orc knight
  1241 | D        | Received a gift from Trog
  1258 | D        | Received a gift from Trog
  1320 | D        | Noticed an orc sorcerer
  1338 | D        | Killed an orc sorcerer
  1338 | D        | Received a gift from Trog
  1363 | D        | Received a gift from Trog
  1523 | D        | Found Abek's Assorted Antiques.
  1523 | D        | Noticed an orc high priest
  1523 | D        | Noticed an orc high priest
  1523 | D        | Noticed an orc high priest
  1523 | D        | Noticed an orc high priest
  1535 | D        | Killed an orc high priest
  1535 | D        | Reached XP level 11. HP: 108/110 MP: 10/10
  1546 | D        | Killed an orc high priest
  1546 | D        | Received a gift from Trog
  1552 | D        | Killed an orc high priest
  1556 | D        | Noticed an orc high priest
  1557 | D        | Killed an orc high priest
  1558 | D        | Noticed an orc high priest
  1559 | D        | Noticed a sun demon
  1561 | D        | Killed an orc high priest
  1567 | D        | Found Licsad's Jewellery Shoppe.
  1568 | D        | Killed an orc high priest
  1749 | D        | Found Uraor's Book Emporium.
  1753 | D        | Found Ushalium's Antique Armour Shoppe.
  1757 | D        | Noticed an orc high priest
  1758 | D        | Noticed an orc high priest
  1776 | D        | Killed an orc high priest
  1776 | D        | Reached skill level 15 in Fighting
  1781 | D        | Killed an orc high priest
  1804 | D        | Bought a cloak for 85 gold pieces
  1814 | D        | Bought a +2 ring of strength for 105 gold pieces
  1996 | D        | Noticed Gastronok
  2021 | D        | Killed Gastronok
  2021 | D        | Received a gift from Trog
  2021 | D        | Reached skill level 15 in Armour
  2190 | D        | Noticed a centaur warrior
  2190 | D        | Noticed an eight-headed hydra
  2192 | D        | Reached skill level 5 in Throwing
  2197 | D        | Killed a centaur warrior
  2199 | D        | Killed a nine-headed hydra
  2215 | D        | Received a gift from Trog
  2219 | D        | Noticed an ettin
  2223 | D        | Reached XP level 12. HP: 122/122 MP: 11/11
  2229 | D        | Killed an ettin
  2229 | D        | Noticed a deep troll shaman
  2231 | D        | Noticed a fire dragon
  2237 | D        | Noticed a fire giant
  2238 | D        | Killed a deep troll shaman
  2243 | D        | Killed a fire dragon
  2259 | D        | Received a gift from Trog
  2259 | D        | Killed a fire giant
  2583 | D        | Noticed a merfolk impaler
  2586 | D        | Noticed a merfolk avatar
  2600 | D        | Reached skill level 15 in Dodging
  2608 | D        | Received a gift from Trog
  2619 | D        | Killed a merfolk avatar
  2624 | D        | Killed a merfolk impaler
  2802 | D        | Reached skill level 10 in Throwing
  2805 | D        | Received a gift from Trog
  2806 | D        | Noticed an anaconda
  2807 | D        | Received a gift from Trog
  2827 | D        | Killed an anaconda
  2913 | D        | Noticed a shambling mangrove
  2914 | D        | Noticed a five-headed hydra
  2918 | D        | Received a gift from Trog
  2919 | D        | Noticed an alligator
  2927 | D        | Paralysed by a hornet for 1 turns
  2930 | D        | Killed a shambling mangrove
  2930 | D        | Reached XP level 13. HP: 64/132 MP: 12/12
  2943 | D        | Received a gift from Trog
  2944 | D        | Got a twisted battleaxe {god gift}
  2979 | D        | Identified the +3 battleaxe "Fukhlu Azorgh" {chop, +Blink
                  | +Fly rPois Str-5} (Trog gifted it to you in the Dungeon)
  3169 | D        | Noticed an entropy weaver
  3171 | D        | Received a gift from Trog
  3171 | D        | Reached skill level 1 in Evocations
  3178 | D        | Received a gift from Trog
  3183 | D        | Killed an entropy weaver
  3183 | D        | Received a gift from Trog
  3184 | D        | Got an ancient quarterstaff {god gift}
  3242 | D        | Noticed Azrael
  3254 | D        | Killed Azrael
  3256 | D        | Received a gift from Trog
  3275 | D        | Noticed Harold
  3284 | D        | Killed Harold
  3321 | D        | Noticed a stone giant
  3321 | D        | Noticed a vampire knight
  3321 | D        | Noticed a frost giant
  3322 | D        | Noticed a lich
  3328 | D        | Paralysed by a vampire knight for 4 turns
  3342 | D        | Killed a vampire knight
  3346 | D        | Killed a stone giant
  3499 | D        | Received a gift from Trog
  3541 | D        | Killed a frost giant
  3541 | D        | Received a gift from Trog
  3554 | D        | Received a gift from Trog
  3581 | D        | Killed a lich
  3609 | D        | Reached skill level 5 in Evocations
  4066 | D        | Received a gift from Trog
  4078 | D        | Noticed a frost giant
  4084 | D        | Killed a frost giant
  4109 | D        | Noticed a stone giant
  4122 | D        | Killed a stone giant
  4315 | D        | Noticed a fire dragon
  4316 | D        | Noticed a stone giant
  4320 | D        | Received a gift from Trog
  4320 | D        | Reached XP level 14. HP: 142/144 MP: 17/17
  4334 | D        | Received a gift from Trog
  4339 | D        | Killed a stone giant
  4400 | D        | Received a gift from Trog
  4404 | D        | Noticed a vault warden
  4420 | D        | Noticed an ironheart preserver
  4423 | D        | Received a gift from Trog
  4433 | D        | Noticed a stone giant
  4444 | D        | Killed a vault warden
  4444 | D        | Killed an ironheart preserver
  4445 | D        | Received a gift from Trog
  4466 | D        | Killed a stone giant
  4469 | D        | Received a gift from Trog
  4665 | D        | Received a gift from Trog
  4846 | D        | Noticed Agnes
  4851 | D        | Killed Agnes
  4869 | D        | Noticed Mara
  4876 | D        | Noticed xeno23's illusion
  4906 | D        | Noticed xeno23's illusion
  4909 | D        | HP: 9/222 [Mara/+1 demon whip of flaming (14)]
  4912 | D        | Killed Mara
  5187 | D        | Got the +0 executioner's axe of the Original Sin {flame,
                  | Str+7 SInv}
  5354 | D        | Noticed Frederick
  5365 | D        | Killed Frederick
  5637 | D        | Noticed Ilsuiw
  5650 | D        | Killed Ilsuiw
  5650 | D        | Received a gift from Trog
  5661 | D        | Received a gift from Trog
  5665 | D        | Reached skill level 15 in Throwing
  5665 | D        | Reached XP level 15. HP: 158/158 MP: 19/21
  5680 | D        | Received a gift from Trog
  5692 | D        | Received a gift from Trog
  5715 | D        | Got a barnacled rune of Zot
  6095 | D        | Noticed a nagaraja
  6095 | D        | Noticed a nagaraja
  6095 | D        | Noticed a nagaraja
  6095 | D        | Noticed a nagaraja
  6096 | D        | Noticed a nagaraja
  6101 | D        | Killed a nagaraja
  6101 | D        | Received a gift from Trog
  6103 | D        | Noticed a nagaraja
  6107 | D        | Killed a nagaraja
  6107 | D        | Received a gift from Trog
  6107 | D        | Reached skill level 10 in Evocations
  6115 | D        | Killed a nagaraja
  6115 | D        | Received a gift from Trog
  6115 | D        | Reached skill level 27 in Axes
  6123 | D        | Killed a nagaraja
  6126 | D        | Killed a nagaraja
  6127 | D        | Noticed a nagaraja
  6133 | D        | Killed a nagaraja
  6133 | D        | Received a gift from Trog
  6150 | D        | Received a gift from Trog
  6151 | D        | Received a gift from Trog
  6157 | D        | Killed a nagaraja
  6165 | D        | Got a serpentine rune of Zot
  6265 | D        | Received a gift from Trog
  6323 | D        | Received a gift from Trog
  6330 | D        | Got a decaying rune of Zot
  6347 | D        | Noticed a ghost moth
  6388 | D        | Killed a ghost moth
  6388 | D        | Received a gift from Trog
  6398 | D        | Noticed a ghost moth
  6408 | D        | Killed a ghost moth
  6421 | D        | Got a gossamer rune of Zot
  6433 | D        | Noticed Boris
  6445 | D        | Killed Boris
  6445 | D        | Received a gift from Trog
  6445 | D        | Reached XP level 16. HP: 118/178 MP: 6/24
  6484 | D        | Noticed Louise
  6489 | D        | Killed Louise
  6489 | D        | Received a gift from Trog
  6510 | D        | Noticed Xtahua
  6526 | D        | Killed Xtahua
  6683 | D        | Received a gift from Trog
  6743 | D        | Received a gift from Trog
  6813 | D        | Received a gift from Trog
  6838 | D        | Received a gift from Trog
  6854 | D        | Received a gift from Trog
  6888 | D        | Reached skill level 27 in Fighting
  6898 | D        | Noticed a golden dragon
  6913 | D        | Received a gift from Trog
  6915 | D        | Received a gift from Trog
  6919 | D        | Noticed a shadow dragon
  6926 | D        | Killed a golden dragon
  6926 | D        | Reached skill level 15 in Evocations
  6932 | D        | Received a gift from Trog
  6939 | D        | Killed a shadow dragon
  6942 | D        | Noticed a shadow dragon
  6944 | D        | Received a gift from Trog
  6961 | D        | Killed a shadow dragon
  6966 | D        | Received a gift from Trog
  6973 | D        | Received a gift from Trog
  7009 | D        | Got a faintly glowing golden ring
  7015 | D        | Noticed an orb of fire
  7015 | D        | Noticed a greater mummy
  7015 | D        | Noticed Gloorx Vloq
  7018 | D        | Noticed an Executioner
  7521 | D        | Gained mutation: Scrolls take you a little longer to read.
                  | [an orb of fire]
  7532 | D        | Killed an orb of fire
  7532 | D        | Reached XP level 17. HP: 59/191 MP: 26/28
  7836 | D        | HP: 13/274 [??? (11)]
  7838 | D        | HP: 1/183 [poisoned by Gloorx Vloq (dark miasma)]
  7839 | D        | Killed Gloorx Vloq
  7839 | D        | Received a gift from Trog
  7839 | D        | Succumbed to Gloorx Vloq's dark miasma

Skill      XL: |  1  2  3  4  5  6  7  8  9 10 11 12 13 14 15 16 17 |
---------------+----------------------------------------------------+-----
Axes           | 5 6 8 11 17 18 19 21 22 24 26 27 | 27.0
Fighting       | 4 5 6 9 12 14 15 17 18 21 25 27 | 27.0
Armour         | 3 4 5 8 11 14 15 16 18 19 22 24 25 | 25.4
Dodging        | 3 4 5 8 11 13 14 15 17 18 20 23 | 23.8
Throwing       | 6 11 13 15 17 20 | 20.8
Evocations     | 6 9 12 16 17 | 17.0

Action                   |  1- 3 |  4- 6 |  7- 9 | 10-12 | 13-15 | 16-18 || total
-------------------------+-------+-------+-------+-------+-------+-------++-------
Melee: Hand axe          |    18 |     5 |       |       |       |       ||    23
       Headbutt          |     4 |     5 |    15 |    64 |   120 |    72 ||   280
       Broad axe         |       |    17 |    55 |    32 |       |       ||   104
       Battleaxe         |       |       |       |   236 |   427 |   194 ||   857
Throw: Javelin           |       |       |       |     8 |       |     4 ||    12
Invok: Berserk           |     1 |     1 |     2 |     7 |     6 |     3 ||    20
       Brothers in Arms  |       |       |     1 |     4 |     9 |     5 ||    19
       Trog's Hand       |       |       |       |     1 |     3 |     1 ||     5
  Use: Potion            |       |       |     1 |       |     1 |     1 ||     3
       Scroll            |       |       |       |     1 |     4 |     1 ||     6
 Stab: Distracted        |     1 |       |       |       |     2 |       ||     3
       Petrifying        |       |       |       |     1 |       |       ||     1
  Eat: Chunk             |       |       |     3 |    10 |    13 |     4 ||    30
       Ration            |       |       |       |     3 |     4 |     1 ||     8
Armor: Animal skin       |     3 |       |       |       |       |       ||     3
       Ring mail         |       |     6 |     5 |    14 |       |       ||    25
       Plate armour      |       |       |       |    10 |    91 |    46 ||   147
       Chain mail        |       |       |       |    13 |       |       ||    13
       Fire dragon scale |       |       |       |    21 |    60 |       ||    81
Dodge: Dodged            |     3 |    12 |    25 |   163 |   344 |   105 ||   652
